 Dungeon Crawl Stone Soup version 0.31-a0-880-g9a209b2425 (webtiles) character file.

Game seed: 2488726700390184484

386 Gladio the Insei (level 6, -10/37 (42) HPs)
             Began as an Octopode Shapeshifter on Oct 15, 2023.
             Mangled by a wight
             ... wielding a +0 scimitar
              (15 damage)
             ... on level 4 of the Dungeon.
             The game lasted 00:04:23 (2694 turns).

Gladio the Insei (Octopode Shapeshifter)            Turns: 2694, Time: 00:04:23

HP:   -10/37 (42)   AC:  1    Str: 13    XL:     6   Next: 78%
MP:   6/6           EV: 14    Int: 12    God:
Gold: 237           SH:  0    Dex: 14    Spells: 5/5 levels left

rFire   . .          .
                       - Unarmed
rCold   . . .        (no shield)
rNeg    . . .        (helmet currently unavailable)
rPois   .            (no amulet)
rElec   .            (no ring)
rCorr   .            (no ring)
SInv    .            (no ring)
Will    .....        (no ring)
Stlth   ++           (no ring)
HPRegen 0.26/turn    (no ring)
MPRegen 0.10/turn    (no ring)
                     (no ring)

%: no passive effects
@: beast-form, hasted, heavily drained, very quick
A: beast (slay +2), almost no armour, amphibious, 8 rings, camouflage 1,
gelatinous body 1, (nimble swimmer 1), tentacles
a: Begin Untransformation


You were on level 4 of the Dungeon.
You were a hulking beast.
You visited 1 branch of the dungeon, and saw 4 of its levels.

You collected 257 gold pieces.
You spent 20 gold pieces at shops.

Inventory:

Missiles
 q - 2 curare-tipped darts (quivered)
Talismans
 b - a beast talisman (active)
 c - a flux talisman
Wands
 p - a wand of roots (7)
Scrolls
 h - a scroll of fear {unknown}
 j - a scroll of immolation {unknown}
 l - a scroll of poison {unknown}
 m - a scroll of silence {unknown}
 n - 3 scrolls of teleportation
Potions
 a - 2 potions of lignification
 d - a potion of haste
 e - a potion of berserk rage {unknown}
 g - a potion of cancellation {unknown}
 i - a potion of brilliance {unknown}
 k - a potion of mutation {unknown}
 o - a potion of resistance {unknown}


   Skills:
 + Level 3.0 Fighting
 + Level 3.5 Dodging
 * Level 5.1 Unarmed Combat
 + Level 4.0 Shapeshifting


You had 5 spell levels left.
You didn't know any spells.
Your spell library contained the following spells:

 Spells                   Type           Power      Damage    Failure   Level
 Necrotise                Necr           0%         1d4       32%         1
 Sting                    Tmut/Pois      0%         1d3       32%         1
 Vampiric Draining        Necr           0%         2d6       69%         3
 Petrify                  Tmut/Erth      0%         N/A       97%         4
 Agony                    Necr           0%         N/A       100%        5
 Alistair's Intoxication  Tmut/Pois      0%         N/A       100%        5
 Irradiate                Conj/Tmut      0%         3d11      100%        5


Dungeon Overview and Level Annotations

Branches:
Dungeon (4/15)
 Temple: D:4-7

Altars:
Xom

Shops:
D:3 *


Innate Abilities, Weirdness & Mutations

You are a hulking beast.
Your limbs bulge with bestial killing power. (Slay +2)
You cannot wear most types of armour.
You are amphibious.
You can wear up to eight rings at the same time.
Your skin changes colour to match your surroundings (Stealth+).
Your rubbery body absorbs attacks. (AC +1, EV +1)
((You are camouflaged when in or above water. (Stealth+)))
You have tentacles for arms and can constrict up to eight enemies at once.


Message History

The hobgoblin shouts!
You bludgeon the wight! Your grab misses the wight.
The wight is severely damaged.
The wight hits you with a +4 short sword!
You tentacle-slap the wight. Your grab misses the wight.
The wight is almost destroyed.
The wight hits you with a +4 short sword!
You tentacle-slap the wight.
You destroy the wight!
Your Fighting skill increases to level 3!
A hound comes into view.
The wight attacks as it pursues you! The wight closely misses you.
The wight closely misses you.
You completely miss the wight. You grab the wight.
You constrict the wight, but do no damage.
The wight barely misses you.
The wight hits you with a +0 great sword!
You feel drained.
* * * LOW HITPOINT WARNING * * *
You release your grip on the wight.
Things that are here:
a +0 dagger; a +0 scale mail
There is a stone staircase leading up here.
You climb upwards.
There is a stone staircase leading down here.
You start resting.
HP restored.
You climb downwards.
The wight closely misses you. x2
The wight hits you with a +2 great sword!
You feel drained. The wight closely misses you.
The wight hits you with a +0 scimitar! The wight barely misses you.
There is a stone staircase leading up, spattered with blood here.
You feel yourself speed up. The wight misses you.
The wight hits you with a +0 hand axe.
* * * LOW HITPOINT WARNING * * *
You feel drained.
* * * LOW HITPOINT WARNING * * *
The wight barely misses you. The wight attacks as it pursues you!
The wight hits you with a +0 scimitar!
You die...

#### ######### ... #.......
##.#####.....#
##...##.......# >
##.....##zzh...#
.##.......#.<....#
......_....z.z...#
#.......#..###### #.
##....g##..##...####
..#####...##...##......##.
......##[##....##.........
......##..#..................
. #.....g#..#...........
....#.


You could see 4 wights and a hobgoblin.

Vanquished Creatures
  A water moccasin (D:3)
  An ogre (D:4)
  A wight (D:4)
  Terence (D:2)
  4 adders
  A worm (D:2)
  A dart slug (D:2)
  7 orcs
  8 endoplasms
  3 giant cockroaches
  10 goblins
  8 hobgoblins
  9 kobolds
  4 quokkas
  9 ball pythons
  4 bats
  4 rats
76 creatures vanquished.

Notes
Turn   | Place    | Note
-------+----------+-------------------------------------------
     0 | D:1      | Gladio the Octopode Shapeshifter began the quest for the
                  | Orb.
     0 | D:1      | Reached XP level 1. HP: 13/13 MP: 1/1
   215 | D:1      | Reached XP level 2. HP: 18/18 MP: 2/2
   675 | D:2      | Got a fusty book
   753 | D:2      | Reached XP level 3. HP: 23/23 MP: 3/3
   797 | D:2      | You fall into a shaft and drop 2 floors!
   802 | D:4      | Noticed an ogre
   815 | D:4      | Killed an ogre
   816 | D:4      | Reached skill level 4 in Unarmed Combat
   816 | D:4      | Reached XP level 4. HP: 27/29 MP: 4/4
   816 | D:4      | Reached XP level 5. HP: 32/34 MP: 5/5
   877 | D:3      | Found Nerrimp's General Store.
   885 | D:3      | Bought a scroll of identify for 20 gold pieces
  1400 | D:2      | Noticed Terence
  1408 | D:2      | Killed Terence
  1857 | D:3      | Noticed a water moccasin
  1870 | D:3      | Killed a water moccasin
  1871 | D:3      | Reached XP level 6. HP: 18/41 MP: 6/6
  2042 | D:3      | Identified the +0 leather armour "Geckonul" {Contam rC+
                  | rCorr Dex+3}
  2224 | D:3      | Reached skill level 5 in Unarmed Combat
  2359 | D:3      | Found a faded altar of an unknown god.
  2525 | D:4      | Found a shimmering altar of Xom.
  2694 | D:4      | Mangled by a wight

Illustrated notes

Levels and vault maps discovered:
D:1:      reono_arrival_mine, layout_basic
D:2:      layout_basic, nicolae_eternal_life, dreamdust_wishing_well,
          uniq_terence
D:3:      layout_loops_cross, nicolae_ecumenical_snake_handling, serial_shops,
          nicolae_shop_statue_plus, minmay_goblin_outpost
D:4:      layout_basic, lemuel_round_altar, kennysheep_little_box,
          minmay_temple_entry_sparse_star, minmay_hedge_maze,
          chequers_serial_rivers_room_a, kennysheep_generic_room_14

Skill      XL: |  1  2  3  4  5  6 |
---------------+-------------------+-----
Fighting       | 2 3 |  3.0
Unarmed Combat | 4 5 |  5.1
Dodging        | 3 |  3.5
Shapeshifting  | 4 |  4.0

Action                     |  1- 3 |  4- 6 || total
---------------------------+-------+-------++-------
  Melee: Unarmed           |    47 |    95 ||   142
         Constrict         |     7 |    23 ||    30
         Tentacles         |     9 |    16 ||    25
         Punch             |     1 |     4 ||     5
  Throw: Dart              |       |     1 ||     1
    Use: Potion            |       |     4 ||     4
         Scroll            |       |     3 ||     3
   Stab: Sleeping          |     7 |     6 ||    13
 Armour: Skin              |    16 |    35 ||    51
  Dodge: Dodged            |    21 |    55 ||    76

Table legend: (Time is in decaauts)
 A = Elapsed time spent in this place.
 B = Non-inter-level travel time spent in this place.
 C = Inter-level travel time spent in this place.
 D = Time resting spent in this place.
 E = Time spent auto-exploring this place.
 F = Levels seen in this place.
 G = Mean time per level.
                   A        B        C        D        E       F      G
               +--------+--------+--------+--------+--------+-----+--------+
         Total |   2682 |   2509 |    173 |    107 |   1972 |   4 |  670.5 |
       Dungeon |   2682 |   2509 |    173 |    107 |   1972 |   4 |  670.5 |
               +--------+--------+--------+--------+--------+-----+--------+

Top non-repeatable levels by time:
     D:3: 978 daAuts
     D:2: 909 daAuts
     D:1: 656 daAuts
     D:4: 138 daAuts
